 Dungeon Crawl Stone Soup version 0.31.0-11-ge490571c62 (webtiles) character file.

Game seed: 1356555328474628896

5236 gigafelon the Basher (level 10, 0/132 HPs)
             Began as a Grey Draconian Cinder Acolyte on Jan 28, 2024.
             Was an Initiate of Ignis.
             Slain by a killer bee (5 damage)
             ... on level 9 of the Dungeon.
             The game lasted 00:23:45 (8624 turns).

gigafelon the Basher (DrCA)                         Turns: 8624, Time: 00:23:47

Health: 0/132      AC: 13    Str: 17    XL:     10   Next: 35%
Magic:  0/11       EV: 14    Int: 14    God:    Ignis [......]
Gold:   414        SH:  0    Dex:  9    Spells: 11/11 levels left

rFire   + . .        c - +5 flail
rCold   . . .        (no shield)
rNeg    + . .        (body armour unavailable)
rPois   .            (helmet restricted)
rElec   .            (no cloak)
rCorr   .            h - +0 pair of gloves
SInv    .            (no boots)
Will    .....        C - amulet of guardian spirit Stlth
                     e - ring of positive energy
HPRegen 0.42/turn    (no ring)
MPRegen 0.12/turn

%: guardian spirit
@: berserking, lethally poisoned (0 -> -5), very quick
A: AC +12, amphibious, unfitting armour, cold-blooded, mutation resistance 1,
weak 1, wild magic 1
a: Renounce Religion, Rising Flame


You were on level 9 of the Dungeon.
You worshipped Ignis.
Ignis was noncommittal.
You visited 1 branch of the dungeon, and saw 9 of its levels.

You collected 414 gold pieces.

Inventory:

Hand Weapons
 a - a +3 quarterstaff of chaos
 c - a +5 flail (weapon)
 f - a +2 flail of protection
 g - a +3 whip of electrocution
 u - a +1 scythe of freezing
 y - a +2 flail of holy wrath
 A - a +3 quarterstaff of speed
Armour
 h - a +0 pair of gloves (worn)
Jewellery
 e - a ring of positive energy (left hand)
 z - a ring of wizardry
 C - an amulet of guardian spirit (around neck)
 E - an amulet of magic regeneration
Talismans
 i - a beast talisman
Wands
 b - a wand of flame (21)
 d - a wand of polymorph (7)
 v - a wand of roots (9)
 D - a wand of acid (9)
Scrolls
 j - 3 scrolls of teleportation
 o - a scroll of amnesia
 x - a scroll of fog {unknown}
Potions
 s - 4 potions of brilliance
 t - a potion of enlightenment
 F - a potion of curing


   Skills:
 + Level 8.0 Fighting
 + Level 9.2(9.8) Maces & Flails
 + Level 5.2(7.9) Staves
 + Level 7.6 Dodging
 + Level 4.0 Stealth
 + Level 1.0 Spellcasting
 + Level 3.3 Fire Magic


You had 11 spell levels left.
You didn't know any spells.
Your spell library contained the following spells:

 Spells                   Type           Power      Damage    Failure   Level
 Scorch                   Fire           24%        2d6       16%         2
 Call Imp                 Summ           0%         N/A       45%         2
 Sublimation of Blood     Necr           0%         N/A       45%         2
 Summon Hydra             Summ           0%         N/A       100%        7


Dungeon Overview and Level Annotations

Branches:
Dungeon (9/15)             Temple (0/1) D:7
   Lair: D:8-11         Orc: D:9-12

Altars:
Cheibriados
Dithmenos
Gozag
Nemelex Xobeh
Okawaru
Qazlal
Ru
Sif Muna
Trog
Uskayaw
Wu Jian
Zin

Shops:
D:6 :

Annotations:
D:9 Prince Ribbit


Innate Abilities, Weirdness & Mutations

Your dull iron-grey scales are very hard. (AC +12)
You are amphibious.
You cannot fit into any form of body armour.
You are cold-blooded and may be slowed by cold attacks.
You are somewhat resistant to further mutation.
You are weak. (Str -2)
Your spells are a little harder to cast, but a little more powerful.


Message History

The two-headed ogre is severely wounded.
You feel sick. The killer bee stings you. The killer bee barely misses you.
The killer bee closely misses you.
The two-headed ogre hits you with a +0 giant club!!
* * * LOW HITPOINT WARNING * * *
The two-headed ogre hits you with a +0 giant club!
* * * LOW HITPOINT WARNING * * *
The killer bee stings you but does no damage.
The killer bee misses you. Prince Ribbit closely misses you.
You are too berserk!
You are too berserk!
You are too berserk!
You bludgeon the two-headed ogre!!
You kill the two-headed ogre!
You feel sick. The killer bee barely misses you.
The killer bee closely misses you. The killer bee barely misses you.
The killer bee stings you but does no damage.
The killer bee closely misses you.
Prince Ribbit blinks!
Your Fighting skill increases to level 8!
Your Maces & Flails skill increases to level 9!
You are too berserk!
You miss the killer bee. You tail-slap the killer bee.
You kill the killer bee!
The killer bee stings you.
* * * LOW HITPOINT WARNING * * *
You are lethally poisoned!
The killer bee poisons you! The killer bee barely misses you.
The killer bee completely misses you.
* * * LOW HITPOINT WARNING * * *
You feel sick. The killer bee closely misses you.
The killer bee barely misses you.
You see here a killer bee corpse.
You hit the killer bee.
The killer bee is moderately wounded.
* * * LOW HITPOINT WARNING * * *
You feel sick. The killer bee barely misses you.
The killer bee stings you but does no damage.
The killer bee completely misses you.
Prince Ribbit blinks!
The killer bee stings you.
You die...

.....
....... ....
....(..
...#.....ยง.
..........
.....=...
#....#
#y...#
#yy..#
#@y$.#
######


You could see 4 killer bees.

Vanquished Creatures
  A two-headed ogre (D:9)
  Grinder (D:6)
  3 yaks (D:8)
  Sigmund (D:6)
  A wyvern (D:8)
  A vampire (D:7)
  A steam dragon (D:6)
  Menkaure (D:5)
  An ice beast (D:7)
  2 sky beasts (D:7)
  An orc warrior (D:8)
  2 black bears
  A phantom (D:4)
  4 bullfrogs
  A gnoll sergeant (D:6)
  2 scorpions
  A kobold brigand (D:8)
  Blork the orc (D:5)
  13 wights
  6 killer bees
  2 howler monkeys
  5 bombardier beetles
  6 hounds
  A jelly (D:6)
  2 orc priests (D:8)
  2 gnoll boudas
  Crazy Yiuf (D:7)
  4 iguanas
  4 sleepcaps
  2 orc wizards
  Robin (D:2)
  19 gnolls
  5 adders
  4 dart slugs
  3 ribbon worms (D:2)
  12 orcs
  7 endoplasms
  2 giant cockroaches
  15 goblins
  13 hobgoblins
  3 jackals (D:3)
  12 kobolds
  A quokka (D:1)
  9 ball pythons
  6 bats
  2 frilled lizards
  6 rats
  A butterfly (D:7)
195 creatures vanquished.

Vanquished Creatures (others)
  70 foxfires
70 creatures vanquished.

Grand Total: 265 creatures vanquished

Notes
Turn   | Place    | Note
-------+----------+-------------------------------------------
     0 | D:1      | gigafelon the Draconian Cinder Acolyte began the quest for
                  | the Orb.
     0 | D:1      | Reached XP level 1. HP: 19/19 MP: 2/2
   244 | D:1      | Reached XP level 2. HP: 26/26 MP: 3/3
   843 | D:1      | Reached XP level 3. HP: 28/33 MP: 4/4
  1097 | D:2      | Noticed Robin
  1109 | D:2      | Killed Robin
  1112 | D:2      | Reached skill level 1 in Dodging
  1142 | D:2      | Reached XP level 4. HP: 12/40 MP: 5/5
  1144 | D:2      | Reached skill level 4 in Maces & Flails
  1478 | D:2      | Reached XP level 5. HP: 46/46 MP: 6/6
  2752 | D:3      | You fall into a shaft and drop 2 floors!
  2752 | D:5      | Entered Level 5 of the Dungeon
  2770 | D:5      | Reached skill level 5 in Maces & Flails
  2770 | D:5      | Reached XP level 6. HP: 44/53 MP: 7/7
  2868 | D:5      | Gained mutation: Your spells are a little harder to cast,
                  | but a little more powerful. [potion of mutation]
  2868 | D:5      | Gained mutation: You are somewhat resistant to further
                  | mutation. [potion of mutation]
  2868 | D:5      | Gained mutation: You are weak. (Str -2) [potion of
                  | mutation]
  2898 | D:5      | Noticed Blork the orc
  2932 | D:5      | Killed Blork the orc
  2933 | D:5      | Reached skill level 1 in Stealth
  2964 | D:5      | Your scales start taking on a dull iron-grey colour.
  2964 | D:5      | Reached XP level 7. HP: 29/60 MP: 8/8
  3423 | D:5      | Reached skill level 5 in Fighting
  3647 | D:5      | Reached skill level 6 in Maces & Flails
  3950 | D:4      | Reached XP level 8. HP: 67/69 MP: 9/9
  4244 | D:4      | Found a sacrificial altar of Ru.
  4244 | D:4      | Found a snail-covered altar of Cheibriados.
  4244 | D:4      | Found a stormy altar of Qazlal.
  4245 | D:4      | Found an ornate altar of the Wu Jian Council.
  4245 | D:4      | Found a sparkling altar of Nemelex Xobeh.
  4251 | D:4      | Found a bloodstained altar of Trog.
  4252 | D:4      | Found a shimmering blue altar of Sif Muna.
  4252 | D:4      | Found a shadowy altar of Dithmenos.
  4253 | D:4      | Found a hide-covered altar of Uskayaw.
  4254 | D:4      | Found an iron altar of Okawaru.
  4254 | D:4      | Found an opulent altar of Gozag.
  4809 | D:3      | Reached skill level 7 in Maces & Flails
  5024 | D:6      | Noticed Sigmund
  5048 | D:6      | Killed Sigmund
  5049 | D:6      | Reached skill level 5 in Dodging
  5068 | D:6      | Noticed Menkaure
  5133 | D:6      | Noticed Grinder
  5166 | D:6      | HP: 3/70 [hound (5)]
  5415 | D:5      | Killed Menkaure
  5512 | D:6      | Killed Grinder
  5725 | D:6      | Found a glowing silver altar of Zin.
  5758 | D:6      | Reached XP level 9. HP: 36/75 MP: 10/10
  6035 | D:6      | Found Fanef's Book Shop.
  6058 | D:6      | Reached skill level 8 in Maces & Flails
  6407 | D:7      | Reached skill level 1 in Staves
  6536 | D:7      | Found a staircase to the Ecumenical Temple.
  7069 | D:7      | Found a runed translucent door.
  7070 | D:7      | Noticed Crazy Yiuf
  7078 | D:7      | Killed Crazy Yiuf
  7702 | D:8      | Reached XP level 10. HP: 37/86 MP: 4/11
  7710 | D:8      | Reached skill level 5 in Staves
  8364 | D:8      | Identified the +1 ring mail of Impish Contentment {rPois
                  | Int+3}
  8605 | D:9      | Noticed Prince Ribbit
  8605 | D:9      | Noticed a two-headed ogre
  8621 | D:9      | Killed a two-headed ogre
  8622 | D:9      | Reached skill level 9 in Maces & Flails
  8623 | D:9      | HP: 6/132 [poisoned by a killer bee]
  8624 | D:9      | Slain by a killer bee

Illustrated notes

Levels and vault maps discovered:
D:1:      lightli_arrival_maybe_door_vault, layout_basic, minmay_hedge_maze,
          chequers_serial_rivers_micro_e
D:2:      layout_basic, uniq_robin
D:3:      layout_basic
D:4:      layout_cave_pods, nicolae_overflows_in_rows, minmay_misc_feat_pillars
D:5:      layout_gridville, uniq_blork_the_orc
D:6:      layout_rooms, mainiacjoe_overflow_brackets, serial_shops,
          nicolae_shop_hallway_plus, uniq_sigmund, uniq_grinder, uniq_menkaure
D:7:      layout_rooms, minmay_temple_entry_butterflies, uniq_crazy_yiuf_cottage
D:8:      layout_gridville, nicolae_straight_to_the_point
D:9:      layout_basic, serial_shops, nicolae_shop_statue_plus,
          uniq_prince_ribbit1

Skill      XL: |  1  2  3  4  5  6  7  8  9 10 |
---------------+-------------------------------+-----
Dodging        | 1 2 3 4 6 7 |  7.6
Fighting       | 4 5 6 7 8 |  8.0
Maces & Flails | 4 5 6 7 8 9 |  9.2
Stealth        | 1 2 3 4 |  4.0
Staves         | 4 5 |  5.2
Spellcasting   | |  1.0
Fire Magic     | |  3.3

Action                     |  1- 3 |  4- 6 |  7- 9 | 10-12 || total
---------------------------+-------+-------+-------+-------++-------
  Melee: Mace              |    99 |     1 |       |       ||   100
         Tailslap          |     4 |    20 |    69 |     9 ||   102
         Whip              |       |   140 |   209 |       ||   349
         Punch             |       |     1 |     1 |     2 ||     4
         Quarterstaff      |       |       |   135 |       ||   135
         Flail             |       |       |    57 |    71 ||   128
 Invoke: Fiery Armour      |     1 |     1 |     1 |       ||     3
         Foxfire Swarm     |       |     4 |     3 |       ||     7
    Use: Potion            |       |     8 |     9 |     1 ||    18
         Scroll            |       |     2 |     6 |       ||     8
   Stab: Sleeping          |       |       |     3 |       ||     3
 Armour: Skin              |    97 |    76 |   300 |    69 ||   542
  Dodge: Dodged            |   107 |    94 |   268 |    85 ||   554
